 Dungeon Crawl Stone Soup version 0.27-a0-512-g57cc695410 (webtiles) character file.

Game seed: 15973767307255366810

60 Dirtsage the Insei (level 4, -2/29 HPs)
             Began as an Octopode Transmuter on Mar 3, 2021.
             Slain by a white imp (3 damage)
             ... summoned by Natasha
             ... on level 2 of the Dungeon.
             The game lasted 00:03:33 (1095 turns).

Dirtsage the Insei (Octopode Transmuter)            Turns: 1095, Time: 00:03:34

Health: -2/29      AC:  1    Str: 10    XL:     4   Next: 4%
Magic:  6/7        EV: 13    Int: 15    God:
Gold:   91         SH:  0    Dex: 12    Spells: 6/7 levels left

rFire    . . .     SeeInvis .     - Unarmed
rCold    . . .     Faith    .   (no shield)
rNeg     . . .     Spirit   .   (helmet currently unavailable)
rPois    .         Reflect  .   (no amulet)
rElec    .         Harm     .   (no ring)
rCorr    .         Rampage  .   (no ring)
Will     .....                  (no ring)
Stlth    ++........             (no ring)
HPRegen  0.09/turn              (no ring)
MPRegen  0.10/turn              (no ring)
                                (no ring)
                                (no ring)

@: appendages (expiring)
A: almost no armour, stealthy swim, amphibious, 8 rings, constrict 8, tentacle
spike 3, camouflage 1, gelatinous body 1
a: End Transformation


You were on level 2 of the Dungeon.
One of your tentacles had a temporary spike.
You visited 1 branch of the dungeon, and saw 2 of its levels.

You collected 91 gold pieces.


Innate Abilities, Weirdness & Mutations

You cannot wear most types of armour.
You are very stealthy in the water. (Stealth+)
You are amphibious.
You can wear up to eight rings at the same time.
You can use your tentacles to constrict eight enemies at once.
Your skin changes colour to match your surroundings (Stealth+).
Your rubbery body absorbs attacks. (AC +1, EV +1)
One of your tentacles bears a large vicious spike.


   Skills:
 + Level 1.7 Fighting
 - Level 2.0 Dodging
 * Level 3.6 Unarmed Combat
 + Level 2.3 Spellcasting
 * Level 2.8 Transmutations


You had 6 spell levels left.
You knew the following spells:

 Your Spells              Type           Power        Failure   Level
b - Beastly Appendage     Tmut           20%          7%          1

Your spell library contained the following spells:

 Spells                   Type           Power        Failure   Level
 Wereblood                Tmut           10%          10%         2
 Spider Form              Tmut/Pois      3%           34%         3
 Ice Form                 Ice/Tmut       6%           75%         4
 Blade Hands              Tmut           5%           88%         5

Inventory:

Missiles
 i - 26 arrows
Armour
 g - a +0 kite shield
Scrolls
 a - a scroll of fear {unknown}
 b - a scroll of identify {unknown}
 c - a scroll of teleportation {unknown}
 f - a scroll of amnesia {unknown}
Potions
 d - 2 potions of magic {unknown}
 e - a potion of berserk rage {unknown}
 h - a potion of might {unknown}

Dungeon Overview and Level Annotations

Branches:
Dungeon (2/15)

Altars:

Annotations:
D:2 Natasha

.. .# [.. #..# # .... #..#
.# ... ##..##. ... .....
... .... . #. # #..# #.#
#.
####.##5h##.#.#.#.#..##.
#......@....... ........
####[##.##..... #.#..##.
#.#..##.##.###.#..##.
#.#..................
#.#.###.##.###.#..#.#
#.#.# #..............
######.#.###..#...........
..........................
######.#.###.........###..


You could see Natasha and a white imp (summoned).


Message History

Found a pair of glowing boots.
Natasha, Servant of Life and Death comes into view.
Casting: Beastly Appendage (safe; 7% risk of failure)
Confirm with . or Enter, or press ? or * to list all spells.
One of your tentacles grows a vicious spike.
Natasha hisses angrily.
Natasha mumbles some strange words.
You tentacle-slap the white imp but do no damage.
Your grab misses the white imp. The white imp hits you.
The white imp freezes you.
You barely miss Natasha. Your grab misses Natasha.
You pierce Natasha.
Natasha is moderately wounded.
Natasha stares at you and mumbles some strange words.
The magic dart hits you!
You barely miss Natasha. Your grab misses Natasha.
Natasha is moderately wounded.
The white imp gestures at you. The puff of frost hits you!
* * * LOW HITPOINT WARNING * * *
Natasha claws you.
* * * LOW HITPOINT WARNING * * *
You tentacle-slap Natasha. Your grab misses Natasha.
Natasha is heavily wounded.
Your transformation is almost over.
The white imp closely misses you. Natasha claws you.
* * * LOW HITPOINT WARNING * * *
You tentacle-slap Natasha. You grab Natasha. Your squeeze misses Natasha.
Natasha is severely wounded.
You constrict Natasha. The white imp hits you.
You die...

Action                   |  1- 3 |  4- 6 || total
-------------------------+-------+-------++-------
Melee: Unarmed           |    40 |    10 ||    50
       Kick              |     7 |     1 ||     8
       Constrict         |    10 |     2 ||    12
       Tentacles         |     7 |     1 ||     8
       Punch             |     1 |       ||     1
 Cast: Beastly Appendage |     6 |     1 ||     7
 Stab: Sleeping          |     2 |       ||     2
Armor: Skin              |     3 |       ||     3
Dodge: Dodged            |    19 |     5 ||    24

Levels and vault maps discovered:
D:1:      zaba_arrival_water, layout_basic
D:2:      layout_basic, serial_bayou_pond_a, uniq_natasha

Notes
Turn   | Place    | Note
-------+----------+-------------------------------------------
     0 | D:1      | Dirtsage the Octopode Transmuter began the quest for the
                  | Orb.
     0 | D:1      | Reached XP level 1. HP: 13/13 MP: 3/3
   384 | D:1      | You fall into a shaft and drop 1 floor!
   403 | D:2      | Reached XP level 2. HP: 8/18 MP: 3/5
   964 | D:2      | Reached XP level 3. HP: 22/23 MP: 6/6
   967 | D:2      | Noticed Natasha
   972 | D:2      | Killed Natasha
   987 | D:2      | Reached XP level 4. HP: 25/29 MP: 7/7
  1088 | D:2      | Noticed Natasha
  1094 | D:2      | HP: 1/29 [Natasha (6)]
  1095 | D:2      | Slain by a white imp

Vanquished Creatures
  Natasha (D:2)
  2 adders (D:2)
  2 goblins
  4 hobgoblins
  2 jackals (D:2)
  A kobold (D:1)
  2 quokkas (D:2)
  A bat (D:2)
  A frilled lizard (D:2)
  A rat (D:1)
17 creatures vanquished.

Table legend: (Time is in decaauts)
 A = Elapsed time spent in this place.
 B = Non-inter-level travel time spent in this place.
 C = Inter-level travel time spent in this place.
 D = Time resting spent in this place.
 E = Time spent auto-exploring this place.
 F = Levels seen in this place.
 G = Mean time per level.
                   A        B        C        D        E       F      G
               +--------+--------+--------+--------+--------+-----+--------+
         Total |   1105 |   1105 |      0 |      0 |    933 |   2 |  552.5 |
       Dungeon |   1105 |   1105 |      0 |      0 |    933 |   2 |  552.5 |
               +--------+--------+--------+--------+--------+-----+--------+

Top non-repeatable levels by time:
     D:2: 722 daAuts
     D:1: 383 daAuts

Table legend:
 A = Non-vault XP
 B = Vault XP
 C = Vault XP percentage of total XP
 D = Non-vault monster count
 E = Vault monster count
 F = Vault count percentage of total count
                 A         B        C        D         E       F
            +---------+---------+-------+---------+---------+-------
      Total |      51 |      35 |  40.7 |      16 |       1 |   5.9
            +---------+---------+-------+---------+---------+-------
        D:1 |       9 |       0 |   0.0 |       5 |       0 |   0.0
        D:2 |      42 |      35 |  45.5 |      11 |       1 |   8.3
            +---------+---------+-------+---------+---------+-------
